 Dungeon Crawl Stone Soup version 0.20.0-15-g7f486f2 (webtiles) character file.

1943 4thArraOfDagon the Cleaver (level 8, 0/70 HPs)
             Began as a Minotaur Conjurer on June 10, 2017.
             Was a Believer of Okawaru.
             Slain by a two-headed ogre
             ... wielding a cursed -1 giant club
              (14 damage)
             ... on level 9 of the Dungeon.
             The game lasted 00:11:21 (3249 turns).

4thArraOfDagon the Cleaver (Minotaur Conjurer)      Turns: 3249, Time: 00:11:21

Health: 0/70       AC: 13    Str: 12    XL:     8   Next: 98%
Magic:  9/10       EV:  6    Int: 14    God:    Okawaru [**....]
Gold:   164        SH:  0    Dex: 12    Spells: 8/9 levels left

rFire    . . .     SeeInvis .   s - +0 war axe
rCold    . . .     Gourm    .   (no shield)
rNeg     . . .     Faith    .   g - +0 plate armour
rPois    .         Spirit   .   (helmet restricted)
rElec    .         Reflect  .   (no cloak)
rCorr    .         Harm     .   (no gloves)
MR       .....                  t - +0 pair of boots
Stlth    ..........             (no amulet)
Regen    0.3/turn               p - -3 ring of protection (curse)
MPRegen  0.2/turn               (no ring)

@: heroism
A: retaliatory headbutt, horns 2
a: Heroism, Renounce Religion


You were on level 9 of the Dungeon.
You worshipped Okawaru.
Okawaru was pleased with you.
You were not hungry.

You visited 1 branch of the dungeon, and saw 9 of its levels.
You also visited: Ossuary.

You collected 164 gold pieces.

Inventory:

Hand Weapons
 d - a +0 hand axe
 s - a +0 war axe (weapon)
Armour
 a - a +0 robe
 e - a +0 scale mail
 g - a +0 plate armour (worn)
 t - a +0 pair of boots (worn)
Magical Staves
 i - an uncursed staff of wizardry {unknown}
Jewellery
 p - a cursed -3 ring of protection (left hand)
Scrolls
 h - a scroll of magic mapping
 l - a scroll of vulnerability {unknown}
 m - a scroll of amnesia {unknown}
 o - a scroll of recharging
 q - a scroll of enchant armour
 r - a scroll of immolation
Potions
 f - 3 potions of flight
 n - 3 potions of brilliance
Books
 b - a book of Conjurations

   Spells                             Type                      Level
   a - Magic Dart                     Conjuration                  1
   b - Searing Ray                    Conjuration                  2
   c - Dazzling Spray                 Conjuration/Hexes            3
   d - Fulminant Prism                Conjuration/Hexes            4
   e - Force Lance                    Conjuration/Translocation    4
   f - Iskenderun's Mystic Blast      Conjuration                  4
Comestibles
 c - 2 bread rations
 j - a meat ration
 k - a chunk of flesh


   Skills:
 + Level 5.9(10.9) Fighting
 * Level 9.3(14.3) Axes
 + Level 5.8(10.8) Armour
 - Level 2.1(7.1) Dodging
 - Level 1.5(6.5) Stealth
 - Level 1.3 Spellcasting
 - Level 2.9 Conjurations
 + Level 4.5 Invocations


You had 8 spell levels left.
You knew the following spells:

 Your Spells              Type           Power        Failure   Level  Hunger
a - Magic Dart            Conj           #...         99%         1    ##.....


Dungeon Overview and Level Annotations

Branches:
Dungeon (9/15)
 Temple: D:4-7         Lair: D:8-11         Orc: D:9-12

Altars:
Fedhas
Nemelex Xobeh
Okawaru
Xom

Annotations:
D:8 Nicoed's ghost, novice OpCj


Innate Abilities, Weirdness & Mutations

You reflexively headbutt those who attack you in melee.
You have a pair of horns on your head.


Message History

Unknown command.
You hit the two-headed ogre. Your punch misses the two-headed ogre.
The two-headed ogre is lightly wounded.
Unknown command.
You hit the two-headed ogre but do no damage.
The two-headed ogre is lightly wounded.
The two-headed ogre hits you with a giant club!
* * * LOW HITPOINT WARNING * * *
The two-headed ogre hits you with a giant club.
* * * LOW HITPOINT WARNING * * *
Unknown command.
Unknown command.
You completely miss the two-headed ogre.
The two-headed ogre is lightly wounded.
Unknown command.
You slash the two-headed ogre!
You headbutt the two-headed ogre, but do no damage.
The two-headed ogre is moderately wounded.
The two-headed ogre hits you with a giant club!
You die...

### #......# #......#
### #####.## #.## #...#
#..# #.### ##.# ##'####
##.## #.....#
....########.....#
##...<.....)....@#
#.#########.....O.o...#
#..# #.....#####.# ####
#.....# #.....# #.....#
#.....# ###+###


You could see a two-headed ogre and an orc wizard.

Vanquished Creatures
  A two-headed ogre (D:9)
  A phantom (D:5)
  A centaur (D:5)
  2 ogres
  Blork the orc (D:6)
  A bullfrog (D:7)
  A howler monkey (D:6)
  A crimson imp (D:6)
  2 bullfrog zombies
  2 centaur zombies (Ossuary)
  An orc priest (D:6)
  A gnoll shaman (D:5)
  3 hounds
  A centaur skeleton (D:9)
  Jessica (D:6)
  An iguana (D:9)
  An orc wizard (D:6)
  3 worker ants
  2 ogre zombies (Ossuary)
  A big kobold zombie (Ossuary)
  7 mummies (Ossuary)
  5 gnolls
  A howler monkey skeleton (D:5)
  An adder (D:6)
  A shadow imp (D:6)
  An ooze (D:3)
  4 adder zombies (Ossuary)
  A worm (D:4)
  2 leopard geckos
  14 orcs
  A ball python (D:3)
  A giant cockroach (D:6)
  A goblin (D:2)
  A hobgoblin (D:3)
  A bat (D:2)
  A frilled lizard (D:5)
  A gnoll zombie (Ossuary)
  5 goblin zombies (Ossuary)
  3 hobgoblin zombies (Ossuary)
  A jackal skeleton (D:4)
  2 kobolds (D:2)
  A kobold zombie (Ossuary)
  3 quokka zombies (Ossuary)
  7 rat zombies (Ossuary)
94 creatures vanquished.

Vanquished Creatures (others)
  An ogre (D:5)
  A gnoll sergeant (D:5)
  3 gnolls (D:5)
5 creatures vanquished.

Grand Total: 99 creatures vanquished

Notes
Turn   | Place    | Note
-------+----------+-------------------------------------------
     0 | D:1      | 4thArraOfDagon the Minotaur Conjurer began the quest for the Orb.
     0 | D:1      | Reached XP level 1. HP: 14/14 MP: 1/1
    44 | D:2      | Reached skill level 1 in Axes
   137 | D:2      | Reached XP level 2. HP: 22/22 MP: 3/3
   182 | D:3      | Reached skill level 2 in Axes
   277 | D:4      | Found an iron altar of Okawaru.
   285 | D:4      | Became a worshipper of Warmaster Okawaru
   304 | D:4      | Reached skill level 1 in Fighting
   312 | D:4      | Reached skill level 3 in Axes
   312 | D:4      | Reached skill level 1 in Invocations
   312 | D:4      | Reached XP level 3. HP: 18/28 MP: 4/4
   363 | D:4      | Found a sand-covered staircase.
   367 | Ossuary  | Entered an ossuary
   615 | Ossuary  | Reached XP level 4. HP: 35/36 MP: 5/5
   944 | Ossuary  | Reached skill level 4 in Axes
  1028 | Ossuary  | Reached XP level 5. HP: 36/42 MP: 6/6
  1091 | Ossuary  | Reached * piety under Okawaru
  1091 | Ossuary  | Reached skill level 1 in Armour
  1279 | Ossuary  | Reached skill level 5 in Axes
  1281 | Ossuary  | Reached XP level 6. HP: 35/50 MP: 5/7
  1618 | D:4      | Found a shimmering altar of Xom.
  1693 | D:5      | Entered Level 5 of the Dungeon
  2096 | D:5      | Reached skill level 6 in Axes
  2096 | D:5      | Reached XP level 7. HP: 7/58 MP: 5/8
  2116 | D:5      | HP: 2/58 [poisoned by a worker ant]
  2542 | D:6      | Reached skill level 7 in Axes
  2608 | D:6      | Noticed Blork the orc
  2627 | D:6      | Killed Blork the orc
  2627 | D:6      | Reached ** piety under Okawaru
  2660 | D:6      | Reached XP level 8. HP: 41/67 MP: 6/9
  2741 | D:6      | Found a sparkling altar of Nemelex Xobeh.
  2741 | D:6      | Noticed Jessica
  2753 | D:6      | Killed Jessica
  2773 | D:6      | Found a blossoming altar of Fedhas.
  2892 | D:7      | Reached skill level 5 in Fighting
  2977 | D:8      | Noticed Nicoed's ghost (novice OpCj)
  2993 | D:9      | Noticed a two-headed ogre
  3013 | D:9      | Killed a two-headed ogre
  3013 | D:9      | Reached skill level 9 in Axes
  3013 | D:9      | Reached skill level 5 in Armour
  3044 | D:9      | Noticed a death yak
  3239 | D:9      | Noticed a two-headed ogre
  3249 | D:9      | Slain by a two-headed ogre

Skill      XL: |  1  2  3  4  5  6  7  8 |
---------------+-------------------------+-----
Axes           | 1 3 4 5 6 7 9 |  9.3
Fighting       | 1 2 3 4 5 |  5.9
Invocations    | 1 2 3 4 |  4.5
Armour         | 2 3 4 5 |  5.8
Dodging        | |  2.1
Stealth        | |  1.5
Spellcasting   | |  1.3
Conjurations   | |  2.9

Action                   |  1- 3 |  4- 6 |  7- 9 || total
-------------------------+-------+-------+-------++-------
Melee: Hand axe          |    53 |   240 |    70 ||   363
       Headbutt          |     4 |    51 |    27 ||    82
       Punch             |       |     1 |     1 ||     2
       War axe           |       |       |    78 ||    78
Invok: Heroism           |       |     4 |    15 ||    19
  Use: Potion            |     1 |     5 |     1 ||     7
       Scroll            |     2 |     4 |     7 ||    13
 Stab: Sleeping          |     2 |       |       ||     2
       Invisible         |       |    15 |       ||    15
  Eat: Bread ration      |       |     1 |       ||     1
       Chunk             |       |       |     4 ||     4
Armor: Scale mail        |    13 |    55 |     6 ||    74
       Robe              |     2 |       |       ||     2
       Skin              |       |    14 |       ||    14
       Plate armour      |       |       |    54 ||    54
Dodge: Dodged            |    25 |   108 |    32 ||   165
